[Event "ICC tourney 2790 (30 10)"]
[Site "Internet Chess Club"]
[Date "2022.01.08"]
[Round "4"]
[White "VIDENA, DANIEL TUAPEN:Davide25"]
[Black "Walsh, Tim R:Telos53"]
[Result "0-1"]
[ICCResult "White resigns"]
[WhiteElo "1633"]
[BlackElo "1868"]
[Opening "QGD: Orthodox defense, Rubinstein variation"]
[ECO "D61"]
[NIC "QO.12"]
[Time "19:00:56"]
[PlyCount "180"]
[TimeControl "1800+10"]

1. d4 d5 2. c4 e6 3. Nc3 Nf6 4. Bg5 Be7 5. e3 O-O 6. Nf3 Nbd7 7. Qc2 dxc4 8.
Bxc4 a6 9. O-O b5 10. Bd3 c5 11. Ne4 cxd4 12. exd4 h6 13. Bh4 Bb7 14. Ne5
Rc8 15. Qe2 Nxe4 16. Bxe7 Qxe7 17. Bxe4 Bxe4 18. Qxe4 Nxe5 19. dxe5 Rc4 20.
Qe3 Qb4 21. Qb3 Qc5 22. Qe3 Qxe3 23. fxe3 Re4 24. Rf3 Rc8 25. Raf1 Rc7 26.
R1f2 Rxe5 27. h4 Rc1+ 28. Rf1 Rec5 29. Rxf7 Rxf1+ 30. Rxf1 b4 31. Rf2 a5 32.
b3 Rc3 33. Re2 Kf7 34. Kf2 Kf6 35. Kf3 Ke5 36. Rd2 g6 37. Re2 h5 38. Rd2 Rc1
39. g3 Rf1+ 40. Ke2 Ra1 41. Kf2 Rc1 42. Kf3 Rc3 43. Kf2 Ke4 44. Rd4+ Kf5 45.
Rd2 Rc5 46. Kf3 Rc3 47. Re2 e5 48. Rd2 e4+ 49. Kf2 Rd3 50. Rxd3 exd3 51. Ke1
Ke5 52. Kd1 Kd5 53. Ke1 Ke4 54. Kd2 Kf3 55. Kxd3 Kxg3 56. e4 Kxh4 57. e5 Kg5
58. Kd4 h4 59. Kc5 Kf5 60. Kd6 h3 61. e6 h2 62. e7 h1=Q 63. e8=Q Qe4 64.
Qf8+ Kg4 65. Qc8+ Qf5 66. Qa8 Kf4 67. Qg2 Qe5+ 68. Kd7 Qb5+ 69. Ke7 Qg5+ 70.
Qxg5+ Kxg5 71. Kd6 Kh4 72. Kc5 g5 73. Kb5 g4 74. Kxa5 g3 75. Kxb4 g2 76. a4
g1=Q 77. a5 Qd4+ 78. Kb5 Qd5+ 79. Kb6 Qxb3+ 80. Ka7 Qf7+ 81. Kb6 Qe8 82. Ka7
Qd7+ 83. Kb6 Qd8+ 84. Ka6 Qa8+ 85. Kb6 Kg5 86. a6 Kf6 87. a7 Ke7 88. Ka6 Kd7
89. Kb6 Kc8 90. Ka6 Qb7+ {White resigns} 0-1

[Event "ICC tourney 2790 (30 10)"]
[Site "Internet Chess Club"]
[Date "2022.01.08"]
[Round "5"]
[White "GEVORGYAN, DAVIT:Davo29"]
[Black "REISS, AIDEN:K09-16581243"]
[Result "1-0"]
[ICCResult "Black checkmated"]
[WhiteElo "1761"]
[BlackElo "1817"]
[Opening "Sicilian: Canal-Sokolsky attack, Sokolsky variation"]
[ECO "B52"]
[NIC "SI.01"]
[Time "21:00:16"]
[PlyCount "57"]
[TimeControl "1800+10"]

1. e4 c5 2. Nf3 d6 3. Bb5+ Bd7 4. Bxd7+ Qxd7 5. c4 e5 6. Nc3 Nc6 7. d3 g6 8.
Nd5 Bg7 9. O-O Nge7 10. Bg5 Nxd5 11. cxd5 Nd4 12. Nxd4 cxd4 13. Rc1 O-O 14.
Rc4 h6 15. Bd2 f5 16. f3 f4 17. Qc2 Rac8 18. Rc1 Rxc4 19. Qxc4 g5 20. Qc7
Qb5 21. Qe7 Re8 22. Qxd6 Qxd3 23. Qd7 Qxd2 24. Qxe8+ Kh7 25. Qc8 d3 26. Qf5+
Kg8 27. Rc8+ Bf8 28. Qxf8+ Kh7 29. Qg8# {Black checkmated} 1-0

[Event "ICC tourney 2790 (30 10)"]
[Site "Internet Chess Club"]
[Date "2022.01.08"]
[Round "5"]
[White "Vishwa, Susheel:sushivishwa"]
[Black "Hussaini, Faizan:chessgm13"]
[Result "1-0"]
[ICCResult "Black resigns"]
[WhiteElo "1746"]
[BlackElo "1588"]
[Opening "Two knights defense"]
[ECO "C55"]
[NIC "IG.01"]
[Time "21:00:24"]
[PlyCount "87"]
[TimeControl "1800+10"]

1. e4 e5 2. Nf3 Nc6 3. Bc4 Nf6 4. d4 Nxd4 5. Bxf7+ Kxf7 6. Nxe5+ Kg8 7. Qxd4
d5 8. Nc3 c5 9. Qd3 Bd6 10. Nf3 dxe4 11. Qc4+ Kf8 12. Ng5 Qe7 13. O-O Bf5
14. Re1 Re8 15. Be3 h6 16. Rad1 hxg5 17. Rxd6 Qxd6 18. Bxc5 Be6 19. Bxd6+
Kg8 20. Qc7 Nd5 21. Nxd5 Bxd5 22. Be5 Rh7 23. b4 g6 24. Qd6 Bf7 25. Qf6 Re6
26. Qxg5 Rh5 27. Qd8+ Re8 28. Qd4 Rhxe5 29. Qxa7 Rb5 30. c3 Re6 31. a4 Rbb6
32. h3 Rbc6 33. Re3 Re7 34. Qd4 Rc4 35. Qd8+ Re8 36. Qb6 Re7 37. Qd6 Rec7
38. Rxe4 Rxc3 39. Qd8+ Kg7 40. Qd4+ Kg8 41. Rh4 Rc1+ 42. Kh2 Kf8 43. Qd8+
Be8 44. Rh8+ {Black resigns} 1-0

[Event "ICC tourney 2790 (30 10)"]
[Site "Internet Chess Club"]
[Date "2022.01.08"]
[Round "5"]
[White "MARKOVIC, GORAN:Goran21"]
[Black "Aimdilokwong, Alec Daniel:Alec-hine"]
[Result "1/2-1/2"]
[ICCResult "Game drawn because neither player has mating material"]
[WhiteElo "1931"]
[BlackElo "1731"]
[Opening "French: King's Indian attack"]
[ECO "C00"]
[NIC "FR.02"]
[Time "21:00:26"]
[PlyCount "219"]
[TimeControl "1800+10"]

1. e4 e6 2. d3 d5 3. Nd2 Nc6 4. Ngf3 Nf6 5. g3 dxe4 6. dxe4 e5 7. Bg2 Bc5 8.
O-O O-O 9. h3 a5 10. a4 b6 11. Re1 Re8 12. c3 Be6 13. Ng5 Bd7 14. Qb3 Qe7
15. Nf1 h6 16. Nf3 Rad8 17. Nh4 Be6 18. Qc2 Qd7 19. Nf5 Ne7 20. g4 Nxf5 21.
exf5 Bd5 22. Rd1 Qc6 23. Bxd5 Nxd5 24. Qe4 Qa8 25. Ng3 Nf6 26. Rxd8 Qxd8 27.
Qe2 e4 28. Be3 Bxe3 29. Qxe3 Nd5 30. Qd4 c5 31. Qd2 e3 32. fxe3 Nxe3 33.
Qxd8 Rxd8 34. Re1 Nc4 35. Re2 Rd1+ 36. Kf2 Rb1 37. Re8+ Kh7 38. Ne4 Rxb2+
39. Kg3 Rc2 40. h4 Nd2 41. Nd6 Nf1+ 42. Kf3 Nh2+ 43. Kf4 g5+ 44. hxg5 hxg5+
45. Kxg5 Rg2 46. Re4 f6+ 47. Kxf6 Nxg4+ 48. Ke7 Nh6 49. Rh4 Re2+ 50. Kd7 Rf2
51. Kc6 Kg7 52. Kxb6 Ng8 53. Rg4+ Kf8 54. Kxa5 Ne7 55. Kb5 Nd5 56. Kxc5 Nxc3
57. a5 Ra2 58. Nc4 Kf7 59. Rg6 Ne4+ 60. Kd4 Nf6 61. Ne5+ Ke7 62. Rg7+ Ke8
63. Nc6 Nd7 64. Re7+ Kf8 65. Kc3 Nb8 66. Rc7 Nxc6 67. Rxc6 Rxa5 68. f6 Kf7
69. Kd4 Rf5 70. Ke4 Rxf6 71. Rc7+ Kg6 72. Ke5 Rf5+ 73. Ke6 Rf6+ 74. Kd5 Rf5+
75. Ke4 Rf6 76. Rc5 Re6+ 77. Kf4 Rf6+ 78. Kg4 Re6 79. Rc4 Kf6 80. Rf4+ Kg6
81. Ra4 Kf6 82. Kh5 Ke5 83. Kg5 Re8 84. Ra1 Rg8+ 85. Kh6 Rh8+ 86. Kg7 Rh2
87. Kf7 Rh7+ 88. Kg6 Rh2 89. Ra5+ Kd6 90. Kg5 Rg2+ 91. Kf4 Rf2+ 92. Ke3 Rh2
93. Ra6+ Kc5 94. Rf6 Rh3+ 95. Ke2 Rh2+ 96. Ke3 Rh3+ 97. Kf4 Rh4+ 98. Kg5 Rd4
99. Kf5 Rd5+ 100. Ke4 Rd4+ 101. Ke3 Rd6 102. Rf8 Re6+ 103. Kd3 Rd6+ 104. Kc3
Rh6 105. Rf5+ Kb6 106. Kd4 Rh4+ 107. Kd5 Rh6 108. Re5 Rg6 109. Re6+ Rxe6
110. Kxe6 {Game drawn because neither player has mating material} 1/2-1/2

[Event "ICC tourney 2790 (30 10)"]
[Site "Internet Chess Club"]
[Date "2022.01.08"]
[Round "5"]
[White "PU, LANDON:landonp"]
[Black "WU, JAYDEN:SparkyNinja"]
[Result "0-1"]
[ICCResult "White resigns"]
[WhiteElo "1632"]
[BlackElo "1664"]
[Opening "Sicilian: Najdorf, Zagreb (fianchetto) variation"]
[ECO "B91"]
[NIC "SI.14"]
[Time "21:00:12"]
[PlyCount "60"]
[TimeControl "1800+10"]

1. e4 c5 2. Nf3 d6 3. d4 cxd4 4. Nxd4 Nf6 5. Nc3 a6 6. g3 e5 7. Nb3 Be7 8.
Bg2 O-O 9. O-O Nbd7 10. Be3 b5 11. f4 Bb7 12. Na5 Qxa5 13. a3 Qc7 14. fxe5
Nxe5 15. Qe2 Nc4 16. Bd4 Nxb2 17. Nxb5 axb5 18. Bxb2 Qc4 19. Qxc4 bxc4 20.
Rfe1 Rab8 21. Bd4 Nd7 22. Rab1 Ba8 23. Rbd1 Ne5 24. a4 Bc6 25. a5 Bd8 26. a6
Bb6 27. a7 Bxd4+ 28. Rxd4 Ra8 29. Ra1 Rfd8 30. Bf1 Nf3+ {White resigns} 0-1

[Event "ICC tourney 2790 (30 10)"]
[Site "Internet Chess Club"]
[Date "2022.01.08"]
[Round "5"]
[White "AYYAPPAN, SANTHOSH:SanthoshA"]
[Black "BAYYARAPU, MOHIT SREEJAN:mohitbayyarapu"]
[Result "1/2-1/2"]
[ICCResult "Game drawn because neither player has mating material"]
[WhiteElo "1643"]
[BlackElo "1677"]
[Opening "Grünfeld: exchange variation"]
[ECO "D85"]
[NIC "GI.04"]
[Time "21:00:12"]
[PlyCount "120"]
[TimeControl "1800+10"]

1. d4 Nf6 2. c4 g6 3. Nc3 d5 4. cxd5 Nxd5 5. e4 Nxc3 6. bxc3 Bg7 7. Be3 c5
8. Rc1 Qa5 9. Qd2 cxd4 10. cxd4 Qxd2+ 11. Bxd2 O-O 12. Be3 Nc6 13. d5 Na5
14. Bd3 Rd8 15. Ne2 Bd7 16. O-O b6 17. Bd2 Ba4 18. Bxa5 bxa5 19. Rc5 e6 20.
Rxa5 Be8 21. Rc1 exd5 22. exd5 Rd7 23. Be4 f5 24. Bf3 Rad8 25. Rd1 Bf7 26.
Nc1 Bc3 27. Rc5 Bb4 28. Rb5 Be7 29. Nb3 a6 30. Ra5 Bb4 31. Ra4 Be7 32. Rad4
Kg7 33. Na5 Bf8 34. Nc6 Rc8 35. Ne5 Rd6 36. a4 Kf6 37. Nc4 Rdd8 38. Nb6 Bc5
39. Nxc8 Bxd4 40. Rxd4 Rxc8 41. d6 Rd8 42. a5 Ke5 43. Rd1 Rxd6 44. Rxd6 Kxd6
45. Be2 Kc5 46. Bxa6 Kb4 47. Kf1 Kxa5 48. Bd3 Kb4 49. Ke2 Bc4 50. Bxc4 Kxc4
51. Ke3 Kd5 52. Kf4 h6 53. h4 Ke6 54. f3 Kf6 55. g4 fxg4 56. Kxg4 Ke6 57. h5
gxh5+ 58. Kxh5 Kf5 59. Kxh6 Kf4 60. Kg6 Kxf3
{Game drawn because neither player has mating material}
1/2-1/2

[Event "ICC tourney 2790 (30 10)"]
[Site "Internet Chess Club"]
[Date "2022.01.08"]
[Round "5"]
[White "Vikas, Hema:madscience08"]
[Black "VIDENA, DANIEL TUAPEN:Davide25"]
[Result "0-1"]
[ICCResult "White checkmated"]
[WhiteElo "1407"]
[BlackElo "1633"]
[Opening "Caro-Kann: closed (Breyer) variation"]
[ECO "B10"]
[NIC "CK.01"]
[Time "21:00:10"]
[PlyCount "158"]
[TimeControl "1800+10"]

1. e4 c6 2. d3 d5 3. Nd2 e5 4. Ngf3 Bd6 5. g3 Ne7 6. Bg2 f6 7. O-O O-O 8. a4
Be6 9. Re1 Nd7 10. Nf1 a5 11. Ne3 Qb6 12. h4 Rfd8 13. Nh2 dxe4 14. dxe4 Bb4
15. c3 Nc5 16. Qh5 Nd3 17. Rd1 Bc5 18. Qe2 Nxc1 19. Raxc1 Bb3 20. Rxd8+ Rxd8
21. Neg4 Bxa4 22. h5 Qb3 23. Bf3 Bb5 24. c4 Ba4 25. h6 Bd4 26. hxg7 Kxg7 27.
Qd2 Ng8 28. Nxe5 Qxb2 29. Qf4 Qxf2+ 30. Kh1 Bxe5 31. Qg4+ Kh8 32. Rg1 Rd2
33. Qh4 Bd4 34. Rf1 Qe3 35. e5 Rf2 36. Qh3 Rxf1+ 37. Qxf1 Qf2 38. Qb1 Bxe5
39. Be4 Bxg3 40. Nf3 f5 41. Qa1+ Nf6 42. Qxf6+ Kg8 43. Qd8+ Kg7 44. Qg5+ Kf7
45. Qxf5+ Ke7 46. Qxh7+ Kd6 47. Qh6+ Kc5 48. Qf8+ Kb6 49. Qd8+ Bc7 50. Qd3
Qb2 51. Qe3+ Ka6 52. Qd3 Qh8+ 53. Kg2 Qg7+ 54. Kh1 Qh6+ 55. Kg2 Qg7+ 56. Kf2
Qg3+ 57. Kf1 Bb6 58. Qe2 Bd1 59. Qg2 Qxg2+ 60. Kxg2 Bxf3+ 61. Kxf3 Bd4 62.
Ke2 Kb6 63. Bb1 Kc5 64. Kd3 b5 65. cxb5 cxb5 66. Kc2 Kb4 67. Ba2 a4 68. Kb1
Ka3 69. Bd5 b4 70. Kc2 b3+ 71. Kb1 Kb4 72. Kc1 a3 73. Bxb3 Kxb3 74. Kb1 a2+
75. Kc1 a1=Q+ 76. Kd2 Qc3+ 77. Kd1 Qb2 78. Ke1 Kc3 79. Kf1 Qf2#
{White checkmated}
0-1

[Event "ICC tourney 2790 (30 10)"]
[Site "Internet Chess Club"]
[Date "2022.01.08"]
[Round "5"]
[White "REVELLON, LUCAS:Lukastico"]
[Black "OPASKA, MICHAEL:mopaska1106"]
[Result "1-0"]
[ICCResult "Black checkmated"]
[WhiteElo "1808"]
[BlackElo "1874"]
[Opening "QGD: Tarrasch, Prague variation, Normal position"]
[ECO "D34"]
[NIC "TD.04"]
[Time "21:00:13"]
[PlyCount "159"]
[TimeControl "1800+10"]

1. Nf3 d5 2. d4 e6 3. c4 c5 4. cxd5 exd5 5. g3 Nc6 6. Bg2 Nf6 7. Nc3 Be7 8.
O-O O-O 9. dxc5 Bxc5 10. Bg5 d4 11. Bxf6 Qxf6 12. Ne4 Qe7 13. Nxc5 Qxc5 14.
Rc1 Qb6 15. b3 Bg4 16. h3 Bh5 17. g4 Bg6 18. Nh4 Ne7 19. Rc4 Rad8 20. Qd2
Rfe8 21. Rd1 d3 22. Nxg6 Nxg6 23. exd3 Ne5 24. Rb4 Qf6 25. Rf4 Qd6 26. d4
Ng6 27. Re4 Rxe4 28. Bxe4 Nf4 29. Qe3 g5 30. Bxb7 Rd7 31. Qe8+ Kg7 32. Bg2
Re7 33. Qb5 h6 34. Qc5 Qf6 35. d5 Re5 36. Bf1 h5 37. Qd4 hxg4 38. hxg4 Qd6
39. b4 Qxd5 40. Qxd5 Rxd5 41. Rxd5 Nxd5 42. a3 Kf6 43. Bc4 Nc3 44. Kf1 Nb1
45. Ke2 Nxa3 46. Kd3 Nxc4 47. Kxc4 Ke5 48. Kb5 Kf4 49. Ka6 Kxg4 50. Kxa7 Kf3
51. b5 Kxf2 52. b6 g4 53. b7 g3 54. b8=Q g2 55. Qf4+ Ke1 56. Qg3+ Kf1 57.
Qf3+ Kg1 58. Qxf7 Kh1 59. Qf3 Kh2 60. Qh5+ Kg3 61. Qg5+ Kh2 62. Qd2 Kh3 63.
Qe1 Kh2 64. Qf2 Kh1 65. Qf3 Kh2 66. Qf2 Kh1 67. Qh4+ Kg1 68. Kb6 Kf1 69. Qh3
Kf2 70. Qh2 Kf1 71. Qf4+ Ke1 72. Qe3+ Kf1 73. Qf3+ Kg1 74. Kc5 Kh2 75. Qh5+
Kg3 76. Qg5+ Kh3 77. Kd4 Kh2 78. Qh4+ Kg1 79. Ke3 Kf1 80. Qf2#
{Black checkmated}
1-0

[Event "ICC tourney 2790 (30 10)"]
[Site "Internet Chess Club"]
[Date "2022.01.08"]
[Round "5"]
[White "WANG, ALEXANDER J:ickyquarter"]
[Black "JIANG, ANDREW:K05-16091063"]
[Result "0-1"]
[ICCResult "White resigns"]
[WhiteElo "1865"]
[BlackElo "1771"]
[Opening "Ruy Lopez: Morphy defense"]
[ECO "C77"]
[NIC "RL.12"]
[Time "21:00:12"]
[PlyCount "248"]
[TimeControl "1800+10"]

1. e4 e5 2. Nf3 Nc6 3. Bb5 a6 4. Ba4 Nf6 5. d4 exd4 6. O-O Be7 7. Re1 b5 8.
Bb3 d6 9. Bd5 Nxd5 10. exd5 Nb8 11. Bg5 f6 12. Bf4 Bg4 13. h3 Bxf3 14. Qxf3
O-O 15. Qe4 Rf7 16. Nd2 Nd7 17. Qxd4 f5 18. c3 Bf6 19. Qd3 Nc5 20. Qc2 Qd7
21. Nb3 Na4 22. Rad1 g6 23. Nd4 Bxd4 24. Rxd4 Re8 25. Rdd1 Rxe1+ 26. Rxe1
Re7 27. Rxe7 Qxe7 28. Qd2 Qe4 29. f3 Qe7 30. b3 Nb6 31. Qd4 Qg7 32. Qd3 Qf7
33. c4 bxc4 34. bxc4 Nd7 35. Qa3 Nc5 36. Be3 Qe7 37. Bxc5 dxc5 38. Qc3 f4
39. Kh2 Kf7 40. Qd2 Qe5 41. Qa5 Qd6 42. a3 h6 43. Qe1 Qe7 44. Qd2 Qf6 45.
Qa5 Qd6 46. Kh1 Kf6 47. Qe1 Qe5 48. Qa5 Qd6 49. a4 Kf7 50. Kg1 Qe7 51. Kh2
Qd6 52. Qc3 Qf6 53. Qd2 Qe5 54. Kh1 Qe3 55. Qa5 Qe7 56. Kh2 Qd6 57. Qd2 Qf6
58. Qf2 Qe7 59. Qb2 Qg5 60. Qc1 Qe5 61. Qb1 Qd6 62. Qe4 Qf6 63. Qb1 Qg5 64.
Kh1 Qe7 65. Kg1 Qe3+ 66. Kh2 Qe7 67. Qb8 Qd6 68. Qh8 h5 69. Qc8 Kf6 70. a5
Kf7 71. Qh8 Qf6 72. Qc8 Qd6 73. Qb8 Kg7 74. Qe8 Kf6 75. Qh8+ Kf7 76. Qh7+
Kf6 77. Qg8 Qe7 78. Qh8+ Kf7 79. Qb8 Qd6 80. Qb7 Kf6 81. Qb2+ Qe5 82. Qb8
Qd6 83. h4 Kf7 84. Qh8 Qe7 85. Qh7+ Kf6 86. Qg8 Ke5 87. g3 Kd4 88. Qe6 fxg3+
89. Kxg3 Qd6+ 90. f4 Kxc4 91. Qe4+ Kb5 92. Qb1+ Kxa5 93. Qa2+ Kb6 94. Qb3+
Ka7 95. Qc4 Kb7 96. Kf3 Kc8 97. Qe4 Kd7 98. Qa4+ c6 99. Qxa6 Qxd5+ 100. Kg3
c4 101. Qb7+ Kd6 102. Qb8+ Kc5 103. Qa7+ Kb4 104. Qb8+ Kc3 105. Qe5+ Kd3
106. Qe1 Kc2 107. Qe2+ Kb3 108. Qe8 c3 109. Qb8+ Kc2 110. Qe5 Qxe5 111. fxe5
Kd2 112. e6 c2 113. e7 c1=Q 114. e8=Q Qe1+ 115. Qxe1+ Kxe1 116. Kf4 c5 117.
Kg5 c4 118. Kxg6 c3 119. Kxh5 c2 120. Kg6 c1=Q 121. h5 Qc3 122. Kh7 Qf6 123.
h6 Kf2 124. Kg8 Qxh6 {White resigns} 0-1